 Dungeon Crawl Stone Soup version 0.30-a0-596-g0af90f9a20 (webtiles) character file.

Game seed: 11661168264646589700

251 omnomnOMINOUS the Poker (level 6, 0/42 HPs)
             Began as an Octopode Wanderer on Jan 6, 2023.
             Slain by a centaur zombie (4 damage)
             ... in an ossuary.
             The game lasted 00:08:22 (2708 turns).

omnomnOMINOUS the Poker (Octopode Wanderer)         Turns: 2708, Time: 00:08:22

Health: 0/42       AC:  1    Str:  9    XL:     6   Next: 13%
Magic:  9/9        EV: 14    Int: 17    God:
Gold:   143        SH:  0    Dex: 19    Spells: 2/9 levels left

rFire   . . .      SeeInvis .    a - +0 trident
rCold   . . .      Faith    .    (no shield)
rNeg    . . .      Spirit   .    (helmet restricted)
rPois   .          Reflect  .    o - amulet of the acrobat
rElec   .          Harm     .    j - +6 ring of dexterity
rCorr   +          Rampage  .    q - ring of resist corrosion
Will    .....                    (no ring)
Stlth   +++                      (no ring)
HPRegen 0.27/turn                (no ring)
MPRegen 0.11/turn                (no ring)
                                 (no ring)
                                 (no ring)

@: weak-willed, marked, attractive, flying
A: almost no armour, amphibious, 8 rings, camouflage 1, gelatinous body 1,
(nimble swimmer 1), tentacles
a: no special abilities


You were in an ossuary.
You visited 1 branch of the dungeon, and saw 5 of its levels.
You also visited: Ossuary.

You collected 143 gold pieces.

Inventory:

Hand Weapons
 a - a +0 trident (weapon)
Missiles
 n - 15 poisoned darts
 r - 6 atropa-tipped darts
Magical Staves
 p - a staff of poison
Jewellery
 f - a ring of fire
 j - a +6 ring of dexterity (left tentacle)
 o - an amulet of the acrobat (around mantle)
 q - a ring of resist corrosion (right tentacle)
 t - a ring of poison resistance
Wands
 b - a wand of flame (3)
Scrolls
 h - 2 scrolls of magic mapping
 s - a scroll of identify {unknown}
 u - a scroll of noise {unknown}
 v - a scroll of amnesia {unknown}
Potions
 g - 2 potions of flight
 i - 2 potions of curing
 l - a potion of magic


   Skills:
 + Level 3.2 Fighting
 + Level 4.7 Polearms
 + Level 2.2 Dodging
 - Level 1.3 Stealth
 + Level 2.4 Spellcasting
 + Level 1.6 Conjurations
 + Level 2.0 Air Magic
 - Level 1.1 Evocations


You had 2 spell levels left.
You knew the following spells:

 Your Spells              Type           Power      Damage    Failure   Level
a - Magic Dart            Conj           28%        1d4       10%         1
b - Searing Ray           Conj           14%        2d5       14%         2
c - Fulminant Prism       Conj/Hex       2%         3d5       78%         4

Your spell library contained the following spells:

 Spells                   Type           Power      Damage    Failure   Level
 Static Discharge         Conj/Air       16%        2-3/arc   13%         2
 Summon Small Mammal      Summ           8%         N/A       19%         1
 Cigotuvi's Dreadful Rot  Necr/Pois/Air  8%         N/A       22%         2
 Vhi's Electric Charge    Tloc/Air       10%        N/A       36%         3
 Call Canine Familiar     Summ           2%         N/A       50%         3
 Summon Guardian Golem    Hex/Summ       2%         N/A       50%         3
 Arcjolt                  Conj/Air       4%         1d14      94%         5
 Maxwell's Capacitive Co  Air            4%         ∞         100%        8


Dungeon Overview and Level Annotations

Branches:
Dungeon (5/15)            Ossuary (1/1)
 Temple: D:4-7

Altars:


Innate Abilities, Weirdness & Mutations

You cannot wear most types of armour.
You are amphibious.
You can wear up to eight rings at the same time.
Your skin changes colour to match your surroundings (Stealth+).
Your rubbery body absorbs attacks. (AC +1, EV +1)
((You are camouflaged when in or above water. (Stealth+)))
You have tentacles for arms and can constrict up to eight enemies at once.


Message History

The centaur zombie misses you. The centaur zombie kicks you.
The centaur zombie completely misses you.
The centaur zombie kicks you.
The kobold zombie is attracted toward you.
The human zombie is attracted toward you.
The mummy is attracted toward you.
The jackal zombie is attracted toward you. x3
The kobold zombie is attracted toward you. x2
Okay, then.
Unknown command.
Okay, then.
Unknown command.
The centaur zombie barely misses you. The centaur zombie kicks you.
The centaur zombie misses you. The centaur zombie kicks you.
The centaur zombie misses you.
The centaur zombie completely misses you. x2
The centaur zombie misses you.
As you read the scroll labelled PEMAEP ZATUARO, it crumbles to dust.
Your body is wracked with pain!
* * * LOW HITPOINT WARNING * * *
It was a scroll of torment.
The centaur zombie closely misses you. The centaur zombie barely misses you.
The centaur zombie hits you.
* * * LOW HITPOINT WARNING * * *
The centaur zombie misses you. The orc zombie is attracted toward you.
Unknown command.
The air fills with toxic fumes!
As you read the scroll labelled FEAMNE FUANI, it crumbles to dust.
It was a scroll of poison.
The human zombie completely misses you. The centaur zombie hits you.
* * * LOW HITPOINT WARNING * * *
The centaur zombie kicks you.
* * * LOW HITPOINT WARNING * * *
The centaur zombie hits you.
* * * LOW HITPOINT WARNING * * *
The centaur zombie completely misses you.
Unknown command.
As you read the scroll labelled QIBBOL DAWAHA, it crumbles to dust.
Magic quickly surges around you.
It was a scroll of vulnerability.
The centaur zombie hits you.
You die...

######################
#.........∩∩.........#
#....................#
#...##############...#
#...#,,,,#§§§#,,,#...#
#...#§####§§§#,,,#...#
#...#§§§§§§§§+####...#
#...#****#@ZZ§§§§#...#
#...#,,,,#ZZ.§§§§#...#
#...#,*,,#ZZZ§§§§#...#
#...#.####MZZ§§§§#...#
#...#ZZZ.ZZ.§§§§§#...#
#...#,**##§.####§#...#
#...#,*,,#§.#,,*.#...#
#...#,,,,#..#,,,,#...#
#...######..######...#


You could see a mummy (weak-willed), 3 jackal zombies, 3 kobold zombies, an orc
zombie (weak-willed), 2 centaur zombies and 2 human zombies.

Vanquished Creatures
  A scorpion (D:4)
  A jelly (D:4)
  An iguana (D:4)
  4 adders
  An ufetubus (D:4)
  2 adder zombies (Ossuary)
  5 orcs
  7 ball pythons
  5 bats
  6 endoplasms
  5 giant cockroaches
  5 goblins
  3 hobgoblins
  2 jackals (D:2)
  8 kobolds
  A quokka (D:4)
  5 frilled lizards
  9 hobgoblin zombies (Ossuary)
  A jackal zombie (Ossuary)
  8 kobold zombies (Ossuary)
  3 orc zombies (Ossuary)
  3 rats
86 creatures vanquished.

Notes
Turn   | Place    | Note
-------+----------+-------------------------------------------
     0 | D:1      | omnomnOMINOUS the Octopode Wanderer began the quest for the
                  | Orb.
     0 | D:1      | omnomnOMINOUS set off with the following items: a +0
                  | trident, a wand of flame (3), a scroll of teleportation;
                  | and the following spells available to memorise: Static
                  | Discharge, Cigotuvi's Dreadful Rot.
     0 | D:1      | Reached XP level 1. HP: 14/14 MP: 2/2
   216 | D:1      | Learned a level 1 spell: Magic Dart
   261 | D:1      | Reached XP level 2. HP: 16/19 MP: 3/3
   280 | D:1      | Learned a level 2 spell: Searing Ray
   415 | D:1      | Reached skill level 1 in Dodging
   436 | D:1      | Found a faded altar of an unknown god.
   718 | D:2      | Reached XP level 3. HP: 25/25 MP: 5/5
  1240 | D:3      | Reached XP level 4. HP: 30/30 MP: 6/6
  1917 | D:4      | Reached skill level 1 in Conjurations
  1976 | D:4      | Noticed a scorpion
  1981 | D:4      | Killed a scorpion
  1982 | D:4      | Reached XP level 5. HP: 36/36 MP: 8/8
  2239 | D:4      | Reached XP level 6. HP: 42/42 MP: 9/9
  2320 | D:4      | Learned a level 4 spell: Fulminant Prism
  2485 | D:5      | Entered Level 5 of the Dungeon
  2495 | D:5      | Found a sand-covered staircase.
  2500 | Ossuary  | Entered an ossuary
  2708 | Ossuary  | Slain by a centaur zombie

Illustrated notes

Levels and vault maps discovered:
D:1:      pf_arrival_petrified_forest, layout_rooms,
          shapermc_ecumenical_altar_pompeii, hangedman_decor_push,
          dreamdust_princess_corridor, grunt_decor_clamped
D:2:      layout_basic
D:3:      layout_loops_ring, minivault_4
D:4:      layout_rooms
D:5:      layout_loops_ring, enter_ossuary_5, amcnicky_mini_pool_small,
          uniq_ijyb
Ossuary:  ossuary_tomb_1

Skill      XL: |  1  2  3  4  5 |
---------------+----------------+-----
Dodging        | 1 2 |  2.2
Conjurations   | 1 |  1.6
Spellcasting   | 2 |  2.4
Fighting       | 3 |  3.2
Air Magic      | 2 |  2.0
Polearms       | |  4.7
Stealth        | |  1.3
Evocations     | |  1.1

Action                   |  1- 3 |  4- 6 || total
-------------------------+-------+-------++-------
Melee: Trident           |    88 |   116 ||   204
       Tentacles         |    14 |    27 ||    41
       Constrict         |    17 |    29 ||    46
       Punch             |     2 |     3 ||     5
Throw: Dart              |       |     2 ||     2
 Cast: Searing Ray       |       |     2 ||     2
  Use: Scroll            |       |     5 ||     5
       Potion            |       |     4 ||     4
 Stab: Sleeping          |     4 |    11 ||    15
       Distracted        |       |     1 ||     1
Armor: Skin              |     5 |     4 ||     9
Dodge: Dodged            |    41 |    64 ||   105

Table legend: (Time is in decaauts)
 A = Elapsed time spent in this place.
 B = Non-inter-level travel time spent in this place.
 C = Inter-level travel time spent in this place.
 D = Time resting spent in this place.
 E = Time spent auto-exploring this place.
 F = Levels seen in this place.
 G = Mean time per level.
                   A        B        C        D        E       F      G
               +--------+--------+--------+--------+--------+-----+--------+
         Total |   2722 |   2616 |    106 |    150 |   1769 |   6 |  453.7 |
       Dungeon |   2511 |   2405 |    106 |    150 |   1745 |   5 |  502.2 |
       Ossuary |    211 |    211 |      0 |      0 |     24 |   1 |  211.0 |
               +--------+--------+--------+--------+--------+-----+--------+

Top non-repeatable levels by time:
     D:3: 682 daAuts
     D:1: 675 daAuts
     D:4: 576 daAuts
     D:2: 562 daAuts
 Ossuary: 211 daAuts
     D:5: 14 daAuts
